 Dungeon Crawl Stone Soup version 0.30-a0-618-gd6c86c23d0 (webtiles) character file.

Game seed: 17690309359850327847

70 ragingrage the Chopper (level 4, 0/35 HPs)
             Began as a Demonspawn Berserker on Jan 9, 2023.
             Was a Follower of Trog.
             Slain by Grinder (6 damage)
             ... while paralysed by Grinder
             ... on level 3 of the Dungeon.
             The game lasted 00:02:07 (1909 turns).

ragingrage the Chopper (Demonspawn Berserker)       Turns: 1909, Time: 00:02:08

Health: 0/35       AC:  7    Str: 19    XL:     4   Next: 4%
Magic:  4/4        EV:  2    Int:  9    God:    Trog [*.....]
Gold:   215        SH:  0    Dex: 12    Spells: 3/3 levels left

rFire   + + .      SeeInvis +    b - +2 quarterstaff (spect)
rCold   + . .      Faith    .    (shield currently unavailable)
rNeg    . . .      Spirit   .    e - +0 ring mail
rPois   .          Reflect  .    (helmet restricted)
rElec   .          Harm     .    u - scarf {rC+ rF+}
rCorr   .          Rampage  .    (no gloves)
Will    .....                    (no boots)
Stlth   +                        (no amulet)
HPRegen 0.25/turn                j - ring of protection from fire
MPRegen 0.09/turn                o - ring of see invisible

@: paralysed, on berserk cooldown, slowed
A: horns 1, thin metallic scales 1
a: Renounce Religion, Berserk


You were on level 3 of the Dungeon.
You worshipped Trog.
Trog was aware of your devotion.
You visited 1 branch of the dungeon, and saw 3 of its levels.

You collected 215 gold pieces.

Inventory:

Hand Weapons
 a - a +0 hand axe
 b - a +2 spectral quarterstaff (weapon)
 q - a +0 shortbow
Missiles
 f - 5 poisoned darts (quivered)
Armour
 e - a +0 ring mail (worn)
 t - a +0 cloak
 u - a scarf of resistance (worn)
Jewellery
 j - a ring of protection from fire (left hand)
 o - a ring of see invisible (right hand)
Wands
 s - a wand of roots (7)
Scrolls
 d - a scroll of silence {unknown}
 k - a scroll of noise {unknown}
 l - 2 scrolls of identify {unknown}
 v - a scroll of vulnerability {unknown}
 w - a scroll of teleportation {unknown}
Potions
 c - 2 potions of curing {unknown}
 g - a potion of magic {unknown}
 h - 2 potions of haste {unknown}
 i - a potion of invisibility {unknown}
 m - 2 potions of brilliance {unknown}
 n - a potion of might {unknown}
 p - a potion of resistance {unknown}
 r - a potion of degeneration {unknown}


   Skills:
 - Level 3.3 Fighting
 - Level 3.7 Axes
 + Level 1.7 Staves
 - Level 1.7 Armour
 - Level 1.7 Dodging


You had 3 spell levels left.
You didn't know any spells.
Your spell library was empty.

Dungeon Overview and Level Annotations

Branches:
Dungeon (3/15)

Altars:
Ashenzari

Shops:
D:2 =

Annotations:
D:3 Grinder


Innate Abilities, Weirdness & Mutations

You have a pair of small horns on your head.
You are partially covered in thin metallic scales. (AC +2)


Message History

Grinder blinks!
You can move again.
Unknown command.
Unknown command.
Grinder blinks!
You feel a strong urge to attack something.
You are no longer berserk.
You are exhausted.
You feel yourself slow down.
You see here a black potion.
Found a wand of roots (6).
Grinder gestures at you.
You suddenly lose the ability to move!
Grinder says, "Wait up."
Grinder hits you but does no damage. Grinder completely misses you.
Grinder hits you.
You writhe in agony.
Grinder hits you but does no damage.
You can move again.
Unknown command.
Unknown command.
Grinder attacks as you move away! Grinder barely misses you.
Found a scroll labelled NOSA JOM LOSU.
Grinder barely misses you.
You closely miss Grinder. Your headbutt misses Grinder.
Grinder is severely wounded.
Your +2 spectral quarterstaff hits Grinder!
Grinder hits you. Grinder gestures at you.
You shrug off the repeated paralysis!
You closely miss Grinder.
Grinder is almost dead.
Your +2 spectral quarterstaff hits Grinder.
Grinder gestures at you.
You suddenly lose the ability to move!
Grinder hits you!
* * * LOW HITPOINT WARNING * * *
You writhe in agony.
* * * LOW HITPOINT WARNING * * *
Grinder hits you.
You die...

##.######## #....#####
###.### #.##.....#
####.....# #...# #.##.....#
#####.###.###
#.##.....############.....#
##.##...................>.##
.#.##.....#################
.#.###.#.........#######
######
...............!.5.....#
#.....
##.###.#.......#@#####.#
#.#### .....#.#######.#.#
#.# ##.#.#.# #.#.# #.#
.....#.# #.#.# #.# ...#.#.#
..#.# #.# ...#.#.# ###.# #.#
...#...# /.. #.# [..#†###
#?# #.#### ...#.# #.....


You could see Grinder.

Vanquished Creatures
  2 adders (D:2)
  2 worms (D:3)
  2 dart slugs
  5 ball pythons
  5 endoplasms
  A giant cockroach (D:3)
  4 hobgoblins
  3 jackals (D:1)
  3 kobolds
  6 bats
  4 frilled lizards
  A goblin (D:2)
  4 rats
42 creatures vanquished.

Vanquished Creatures (others)
  A plant (D:2)
1 creature vanquished.

Grand Total: 43 creatures vanquished

Notes
Turn   | Place    | Note
-------+----------+-------------------------------------------
     0 | D:1      | ragingrage the Demonspawn Berserker began the quest for the
                  | Orb.
     0 | D:1      | Reached XP level 1. HP: 18/18 MP: 1/1
   204 | D:1      | Gained mutation: You are partially covered in thin metallic
                  | scales. (AC +2) [demonic ancestry]
   204 | D:1      | Reached XP level 2. HP: 24/24 MP: 2/2
   735 | D:2      | Found Tachuh's Jewellery Shop.
   837 | D:2      | Reached XP level 3. HP: 29/29 MP: 3/3
  1157 | D:2      | Reached skill level 1 in Staves
  1588 | D:3      | Found a broken altar of Ashenzari.
  1775 | D:3      | Gained mutation: You have a pair of small horns on your
                  | head. [demonic ancestry]
  1775 | D:3      | Reached XP level 4. HP: 35/35 MP: 4/4
  1886 | D:3      | Noticed Grinder
  1890 | D:3      | Paralysed by Grinder for 5 turns
  1900 | D:3      | Paralysed by Grinder for 5 turns
  1907 | D:3      | Paralysed by Grinder for 5 turns
  1909 | D:3      | Slain by Grinder

Illustrated notes

Levels and vault maps discovered:
D:1:      ebering_trefoil_3fold, layout_basic, hangedman_glass_teeth,
          minmay_misc_feat_hallway, hangedman_decor_points
D:2:      cheibrodos_old_hovel, layout_loops_cross, serial_shops, shop_coins
D:3:      layout_basic, general_overflow_altar, uniq_grinder

Skill      XL: |  1  2  3 |
---------------+----------+-----
Axes           | 3 |  3.7
Staves         | 1 |  1.7
Fighting       | |  3.3
Armour         | |  1.7
Dodging        | |  1.7

Action                   |  1- 3 |  4- 6 || total
-------------------------+-------+-------++-------
Melee: Hand axe          |    49 |       ||    49
       Quarterstaff      |    33 |     5 ||    38
       Punch             |     1 |       ||     1
       Headbutt          |       |     1 ||     1
Invok: Berserk           |     2 |     1 ||     3
Armor: Ring mail         |    29 |     5 ||    34
Dodge: Dodged            |    39 |     4 ||    43

Table legend: (Time is in decaauts)
 A = Elapsed time spent in this place.
 B = Non-inter-level travel time spent in this place.
 C = Inter-level travel time spent in this place.
 D = Time resting spent in this place.
 E = Time spent auto-exploring this place.
 F = Levels seen in this place.
 G = Mean time per level.
                   A        B        C        D        E       F      G
               +--------+--------+--------+--------+--------+-----+--------+
         Total |   1948 |   1842 |    106 |     27 |   1446 |   3 |  649.3 |
       Dungeon |   1948 |   1842 |    106 |     27 |   1446 |   3 |  649.3 |
               +--------+--------+--------+--------+--------+-----+--------+

Top non-repeatable levels by time:
     D:1: 764 daAuts
     D:3: 604 daAuts
     D:2: 579 daAuts
